 Dungeon Crawl Stone Soup version 0.31.0-11-ge490571c62 (webtiles) character file.

Game seed: 10973648348998458514

648 Arcadio the Ruffian (level 7, -1/70 HPs)
             Began as a Troll Delver on Jan 27, 2024.
             Succumbed to a killer bee's poison
             ... on level 6 of the Dungeon.
             The game lasted 00:04:05 (985 turns).

Arcadio the Ruffian (Troll Delver)                   Turns: 985, Time: 00:04:06

Health: -1/70      AC:  4    Str: 20 (23) XL:     7   Next: 27%
Magic:  6/6        EV: 10    Int:  4 (6)  God:
Gold:   21         SH:  0    Dex:  8 (11) Spells: 6/6 levels left

rFire   . .          .
                       - Unarmed
rCold   . . .        (no shield)
rNeg    . . .        a - +0 robe
rPois   .            (helmet restricted)
rElec   .            (no cloak)
rCorr   .            (gloves unavailable)
SInv    .            (boots unavailable)
Will    .....        (no amulet)
Stlth   ++           (no ring)
HPRegen 1.11/turn    (no ring)
MPRegen 0.10/turn

%: no passive effects
@: lethally poisoned (-1 -> -5), attractive
A: large, unfitting armour, claws 3, regeneration 1, shaggy fur 1, tough skin 1
a: no special abilities


You were on level 6 of the Dungeon.
You visited 1 branch of the dungeon, and saw 2 of its levels.
You also visited: Ossuary.

You collected 21 gold pieces.

Inventory:

Armour
 a - a +0 robe (worn)
Jewellery
 q - a ring of protection from cold
Wands
 f - a wand of digging (3)
Scrolls
 b - a scroll of fog
 c - a scroll of revelation
 d - a scroll of fear
 g - a scroll of immolation {unknown}
 h - a scroll of enchant weapon {unknown}
 i - a scroll of blinking
 m - 2 scrolls of teleportation
 r - a scroll of acquirement {unknown}
 s - a scroll of amnesia {unknown}
Potions
 e - a potion of haste
 j - a potion of attraction
 k - a potion of degeneration
 l - a potion of might {unknown}
 n - 2 potions of curing {unknown}
 o - 2 potions of cancellation {unknown}
 p - a potion of mutation {unknown}
 t - a potion of magic {unknown}


   Skills:
 + Level 4.3 Fighting
 + Level 3.9 Dodging
 - Level 3.2 Stealth
 + Level 4.6 Unarmed Combat


You had 6 spell levels left.
You didn't know any spells.
Your spell library was empty.

Dungeon Overview and Level Annotations

Branches:
Dungeon (6/15)            Ossuary (visited)
 Temple: D:4-7

Altars:
Kikubaaqudgha


Innate Abilities, Weirdness & Mutations

You are too large for most types of armour.
You have claws for hands.
Your natural rate of healing is unusually fast.
You are covered in fur. (AC +1)
You have tough skin. (AC +1)


Message History

The gnoll hits you from afar with a +0 spear!
You barely miss the killer bee.
The killer bee is severely wounded.
You feel sick. The killer bee stings you!
You are more poisoned.
The killer bee poisons you! The killer bee stings you.
You are more poisoned.
The killer bee poisons you!
The gnoll hits you from afar with a +0 spear!
You feel very sick. The killer bee barely misses you.
The killer bee stings you.
As you read the scroll of teleportation, it crumbles to dust.
You feel strangely unstable.
You feel very sick. The killer bee barely misses you. x2
You feel very sick.
The killer bee attacks as it pursues you!
The killer bee stings you.
* * * LOW HITPOINT WARNING * * *
You are more poisoned.
The killer bee poisons you!
Your surroundings suddenly seem different.
A black bear comes into view.
* * * LOW HITPOINT WARNING * * *
You feel very sick.
The black bear growls angrily.
The killer bee buzzes angrily.
The white imp shouts, "Accept thy failure, thou obnoxious fool-headed scavenger!"
The killer bee buzzes angrily.
The killer bee completely misses you.
It was a potion of attraction.
You feel attractive to monsters.
You feel very sick. The killer bee stings you.
* * * LOW HITPOINT WARNING * * *
The killer bee barely misses you. x2; The black bear is attracted toward you.
The white imp is attracted toward you.
It was a potion of degeneration.
There was something very wrong with that liquid.
You feel weakened.
You feel dopey.
You feel clumsy.
You die...

#..####..# #..#
#..## ###........
..# ##..#
....)..... .#
#..##
..........## .
##..#
#.....§....#
##.###...........
#..# ...5.......
##y###.y........
#gg##@y>.......
##.###h........
#..##.§.......
#..##.........
##.g..........
#............
##........(..
#.......####
##......#


You could see a black bear, 2 killer bees and a white imp.

Vanquished Creatures
  2 bullfrogs (D:6)
  A bullfrog zombie (Ossuary)
  2 killer bee zombies (Ossuary)
  2 crocodile zombies (Ossuary)
  8 hound zombies (Ossuary)
  8 mummies (Ossuary)
  5 gnolls
  3 howler monkey zombies (Ossuary)
  An adder (D:6)
  A dart slug (D:5)
  A quokka (D:5)
  4 ball python zombies (Ossuary)
38 creatures vanquished.

Notes
Turn   | Place    | Note
-------+----------+-------------------------------------------
     0 | D:5      | Arcadio the Troll Delver began the quest for the Orb.
     0 | D:5      | Reached XP level 1. HP: 22/22 MP: 0/0
    55 | D:5      | Noticed an iguana
   109 | D:5      | Found a sand-covered staircase.
   116 | Ossuary  | Entered an ossuary
   125 | Ossuary  | Reached XP level 2. HP: 29/29 MP: 1/1
   142 | Ossuary  | Reached XP level 3. HP: 18/36 MP: 2/2
   177 | Ossuary  | Reached XP level 4. HP: 38/45 MP: 3/3
   217 | Ossuary  | Reached XP level 5. HP: 26/53 MP: 4/4
   380 | Ossuary  | Reached XP level 6. HP: 38/61 MP: 5/5
   779 | D:6      | Noticed a steam dragon
   839 | D:6      | Found an ancient bone altar of Kikubaaqudgha.
   875 | D:6      | Reached XP level 7. HP: 63/70 MP: 6/6
   984 | D:6      | HP: 1/70 [killer bee (6)]
   985 | D:6      | Succumbed to a killer bee's poison

Illustrated notes

Levels and vault maps discovered:
D:5:      layout_basic, nicolae_uskayaw_murder_on_the_dancefloor, minitemple,
          enter_ossuary_3, serial_shops, nicolae_shop_scrapyard,
          kennysheep_nondescript, st_stairs_6, uniq_pikel, uniq_eustachio,
          uniq_grinder
D:6:      layout_cave_pods, lemuel_doored_altar, uniq_crazy_yiuf_cottage,
          uniq_maggie, uniq_jeremiah

Skill      XL: |  1  2  3  4  5  6 |
---------------+-------------------+-----
Dodging        | 2 3 |  3.9
Stealth        | 3 |  3.2
Fighting       | 3 4 |  4.3
Unarmed Combat | 3 4 |  4.6

Action                     |  1- 3 |  4- 6 |  7- 9 || total
---------------------------+-------+-------+-------++-------
  Melee: Unarmed           |    28 |   140 |    16 ||   184
         Punch             |     1 |     3 |       ||     4
    Use: Scroll            |       |     2 |     1 ||     3
         Potion            |       |       |     2 ||     2
   Stab: Distracted        |     1 |     1 |       ||     2
         Sleeping          |       |     5 |       ||     5
 Armour: Robe              |    16 |    78 |    26 ||   120
  Dodge: Dodged            |     9 |    56 |    18 ||    83
